Map: Deathaura LE

Players

MuhammedF

  • Race: Terran Terran
  • League: Platinum
  • Spawn Location: 5:00

Massa - Winner!

  • Race: Terran Terran
  • League: Platinum
  • Spawn Location: 11:00

VOD

Have the link to the VOD?

Description

Time

  • Played on: Jan. 16, 2021, 7:45 a.m.
  • Length: 6:15
Show
View Real Time Build Order
Export as new Build Order

MuhammedF Terran 

Build Orders: Reaper Expand 

Get SALT Encoding   

  12  0:00  SCV  
  13  0:12  SCV  
  14  0:17  Supply Depot  
  14  0:24  SCV  
  15  0:38  SCV  
  15  0:40  Barracks  
  16  0:44  Refinery  
  16  0:50  SCV  
  17  1:02  SCV  
  18  1:16  SCV  
  19  1:26  Reaper  
  19  1:31  Orbital Command  
  20  1:47  Command Center  
  19  1:54  Supply Depot  
  19  1:58  Marine  
  19  1:59  SCV  
  21  2:13  SCV  
  22  2:20  Factory  
  22  2:22  Barracks Reactor  
  22  2:23  Refinery  
  22  2:26  SCV  
  23  2:41  SCV  
  24  2:54  SCV  
  25  3:09  Starport  
  25  3:10  SCV  
  25  3:11  Orbital Command  
  25  3:12  Barracks Tech Lab  
  26  3:16  Hellion x2  
  30  3:23  SCV  
  31  3:34  Supply Depot  
  31  3:35  SCV  
  31  3:36  Stimpack  
  31  3:39  SCV  
  33  3:43  Hellion x2  
  37  3:50  SCV  
  38  4:06  Medivac  
  40  4:17  Hellion x2  
  40  4:19  SCV x2  
  42  4:30  Command Center  
  41  4:31  SCV  
  41  4:37  Supply Depot  
  44  4:38  Hellion  
  44  4:39  Hellion  
  44  4:45  Starport Tech Lab  
  46  4:47  Marine  
  47  5:02  Hellion  
  47  5:05  Marine  
  42  5:22  SCV  
  42  5:23  SCV, Marine  
  44  5:31  Widow Mine  
  44  5:32  Viking  
  44  5:41  Marine  
Show
View Real Time Build Order
Export as new Build Order

Massa Terran - Winner!

Build Orders: Hellion Banshee 

Get SALT Encoding   

  12  0:00  SCV  
  13  0:12  SCV  
  14  0:18  Supply Depot  
  14  0:24  SCV  
  15  0:40  SCV  
  15  0:41  Barracks  
  16  0:47  Refinery  
  16  0:52  SCV  
  17  1:04  SCV  
  18  1:16  SCV  
  19  1:20  Supply Depot  
  19  1:35  Barracks Reactor  
  19  1:41  Orbital Command  
  19  1:57  Command Center  
  19  2:07  SCV  
  20  2:12  Factory  
  20  2:13  Marine  
  21  2:16  Marine  
  21  2:19  SCV  
  23  2:31  Marine, Supply Depot  
  23  2:33  SCV, Marine  
  26  2:45  SCV  
  26  2:49  Marine  
  28  2:51  Marine  
  28  2:57  Starport  
  29  3:02  Refinery  
  29  3:20  Barracks Tech Lab, Hellion x2  
  29  3:22  Orbital Command  
  29  3:23  SCV  
  34  3:35  SCV  
  35  3:41  Hellion x2  
  39  3:48  SCV  
  39  3:49  SCV  
  39  3:50  Banshee  
  39  3:54  Barracks Tech Lab  
  44  4:01  SCV  
  41  4:03  Hellion x2  
  45  4:22  Cloaking Field  
  45  4:24  SCV x2  
  47  4:32  Banshee  
  47  4:36  SCV  
  51  4:41  SCV  
  52  4:46  Marine x2  
  54  4:53  Supply Depot x2  
  54  5:14  SCV x2, Marine x2, Siege Tank  
  53  5:30  Banshee  
  53  5:32  Marine x2  
  58  5:49  Marine  
  61  5:50  Marine  
Tags
 
Composition
Hellion Banshee
Matchup
TvT
Race
Terran
Replay Pack
Multiplayer
Spawn Locations
Cross Positions
Add a new tag
Caveats
  • Supply blocks, unpowered buildings, or Contaminate may cause inaccurate times.
  • Supply counts are checked every 10 seconds.